 Dungeon Crawl Stone Soup version 0.25-a0-513-ge77a692 (webtiles) character file.

Game seed: 16769275201313023337, levelgen mode: deterministic

7761 wolfsongas the Geomancer (level 11, -2/71 HPs)
             Began as a Gargoyle Earth Elementalist on Feb 15, 2020.
             Was a High Priest of Cheibriados.
             Slain by Urug
             ... wielding a +2 vorpal great mace
              (5 damage)
             ... on level 10 of the Dungeon.
             The game lasted 00:29:54 (9158 turns).

wolfsongas the Geomancer (GrEE)                     Turns: 9158, Time: 00:29:55

Health: -2/71      AC: 22    Str: 24    XL:     11   Next: 20%
Magic:  4/20       EV: 17    Int: 29    God:    Cheibriados [*****.]
Gold:   560        SH:  4    Dex: 21    Spells: 17/26 levels left

rFire    . . .     SeeInvis .   g - +2 executioner's axe
rCold    . . .     Gourm    .   (shield currently unavailable)
rNeg     + . .     Faith    .   B - +0 scale mail
rPois    ∞         Spirit   .   n - +1 helmet
rElec    +         Reflect  +   (no cloak)
rCorr    .         Harm     .   u - +0 pair of gloves
MR       .....     Rnd*Tele +   t - +0 pair of boots
Stlth    +.........             h - +4 amulet of reflection
HPRegen  0.21/turn              m - +6 ring of evasion
MPRegen  0.17/turn              p - +4 ring of protection

@: very slow
A: low mp 1, negative energy resistance 1, electricity resistance, teleportitis
1, unbreathing, petrification resistance, rot immunity, AC +8
a: Bend Time, Temporal Distortion, Slouch, Step From Time, Renounce Religion


You were on level 10 of the Dungeon.
You worshipped Cheibriados.
Cheibriados was extremely pleased with you.
You were not hungry.

You visited 1 branch of the dungeon, and saw 10 of its levels.

You collected 560 gold pieces.

Inventory:

Hand Weapons
 g - a +2 executioner's axe (weapon)
 C - the +6 shortbow of Kiebaps {venom, rN+ Str+4 SInv}
   (You found it on level 7 of the Dungeon)

   It poisons the ammo it fires.
   It affects your strength (+4).
   It protects you from negative energy.
   It lets you see invisible.
Missiles
 b - 229 stones (quivered)
Armour
 f - a +1 plate armour
 n - a +1 helmet (worn)
 t - a +0 pair of boots (worn)
 u - a +0 pair of gloves (worn)
 B - a +0 scale mail (worn)
Jewellery
 c - an uncursed ring of ice
 h - a +4 amulet of reflection (around neck)
 m - a +6 ring of evasion (left hand)
 p - a +4 ring of protection (right hand)
Wands
 a - a wand of iceblast (10)
 j - a wand of polymorph (5)
 z - a wand of flame (30)
Scrolls
 l - 5 scrolls of teleportation
 D - 3 scrolls of remove curse
Potions
 e - 2 potions of flight
 i - a potion of ambrosia
 o - a potion of resistance
 q - a potion of might
 r - 4 potions of lignification
 s - a potion of cancellation
 v - 3 potions of curing
 w - a potion of brilliance
 x - a potion of agility {unknown}
Comestibles
 d - 18 rations
 k - a chunk of flesh


   Skills:
 + Level 9.5 Fighting
 * Level 3.1(3.3) Axes
   Level 2.0(3.0) Maces & Flails
 - Level 1.5 Dodging
 - Level 2.1 Stealth
 - Level 8.2 Spellcasting
 - Level 7.5 Conjurations
   Level 0.7 Transmutations
 + Level 10.5 Earth Magic


You had 17 spell levels left.
You knew the following spells:

 Your Spells              Type           Power        Failure   Level  Hunger
a - Sandblast             Erth           ######       1%          1    None
b - Stone Arrow           Conj/Erth      ######       1%          3    None
c - Lee's Rapid Deconstr  Erth           ######....   4%          5    ####...

Your spell library contained the following spells:

 Spells                   Type           Power        Failure   Level  Hunger
 Passwall                 Tmut/Erth      #####...     1%          2    None
 Beastly Appendage        Tmut           ###...       9%          1    None
 Sting                    Tmut/Pois      ##..         10%         1    None
 Mephitic Cloud           Conj/Pois/Air  ####....     12%         3    None
 Petrify                  Tmut/Erth      #####...     12%         4    #......
 Sticks to Snakes         Tmut           ###.....     13%         2    None
 Poisonous Vapours        Pois/Air       ##....       19%         2    None
 Spider Form              Tmut/Pois      ##........   30%         3    None
 Ignite Poison            Fire/Tmut/Pois ##......     32%         3    None
 Ice Form                 Ice/Tmut       ##......     69%         4    #......
 Olgreb's Toxic Radiance  Pois           ##......     75%         4    #......
 Summon Lightning Spire   Summ/Air       ##......     75%         4    #......
 Blade Hands              Tmut           ###.......   94%         5    ####...
 Starburst                Conj/Fire      ####......   98%         6    ######.
 Ring of Flames           Chrm/Fire      ##........   100%        7    #######


Dungeon Overview and Level Annotations

Branches:
Dungeon (10/15)            Temple (0/1) D:7
   Lair: D:8-11         Orc: D:9-12

Altars:
Ashenzari
Cheibriados
Dithmenos
Gozag
Kikubaaqudgha
Makhleb
Okawaru
Trog
Uskayaw
Wu Jian
Xom
Zin
The Shining One

Portals:
Trove: D:10 (give +5 fire dragon scales)

Annotations:
D:4 3 runed translucent doors, mojowtm's ghost, amateur CeHu
D:10 Urug


Innate Abilities, Weirdness & Mutations

You are resistant to torment.
Your stone body is resilient. (AC +8)
You are immune to poison.
You resist negative energy. (rN+)
You are resistant to electric shocks. (rElec)
You can survive without breathing.
You are immune to petrification.
You are immune to rotting.
Your magical capacity is low. (-10% MP)
You are occasionally teleported next to monsters.


Message History

Urug is severely wounded.
The troll shouts!
Urug hits you but does no damage.
You hit Urug.
Urug is severely wounded.
Urug hits you with a +2 vorpal great mace!
You slash Urug!
Urug is almost dead.
Urug hits you with a +2 vorpal great mace!
* * * LOW HITPOINT WARNING * * *
x2 Urug hits you with a +2 vorpal great mace!
* * * LOW HITPOINT WARNING * * *
x2
Okay, then.
Okay, then.
Okay, then.
As you read the scroll of fear, it crumbles to dust.
You assume a fearsome visage.
The worker ant looks frightened!
Urug easily resists.
The troll looks frightened!
Urug hits you with a +2 vorpal great mace.
You die...

#.# ####.########## #
#.............# #.
#.............## ##.####
###............... .......
#..............÷#. [......
#.#.............#. ....o..
#.#.............##
......)##@#.............##
.([...)†o(#.............#
.....Ta#######[##########
####### ..# ## # #. #
##.######## #
..........######
..........#....'


You could see Urug, a troll (fleeing) and a worker ant (fleeing).

Vanquished Creatures
  2 two-headed ogres
  Joseph (D:7)
  3 trolls
  A hornet (D:10)
  Prince Ribbit (D:5)
  A hippogriff (D:9)
  Duvessa (D:5)
  A water moccasin (D:9)
  2 orc warriors
  4 ice beasts (D:7)
  A phantom (D:6)
  4 sky beasts
  2 black bears
  An eye of draining (D:7)
  A necrophage (D:7)
  3 ogres
  6 centaurs
  7 bullfrogs
  Dowan (D:5)
  A scorpion (D:9)
  7 killer bees (D:8)
  6 howler monkeys
  5 crimson imps
  A bullfrog zombie (D:9)
  3 orc priests
  3 hounds
  4 centaur skeletons
  An iguana (D:8)
  3 jellies (D:9)
  7 orc wizards
  4 bullfrog skeletons
  3 worker ants
  A hound zombie (D:7)
  2 hound skeletons
  2 worker ant zombies
  15 adders
  3 shadow imps
  5 oozes (D:9)
  2 adder zombies
  3 worms
  2 dart slugs (D:2)
  7 leopard geckos
  24 orcs
  6 bats
  3 giant cockroaches
  7 goblins
  3 hobgoblins
  7 kobolds
  3 quokkas
  2 ball pythons (D:3)
  6 frilled lizards
  4 rats
198 creatures vanquished.

Vanquished Creatures (others)
  A wizard (D:9)
  An orc wizard (D:9)
2 creatures vanquished.

Grand Total: 200 creatures vanquished

Notes
Turn   | Place    | Note
-------+----------+-------------------------------------------
     0 | D:1      | wolfsongas the Gargoyle Earth Elementalist began the quest
                  | for the Orb.
     0 | D:1      | Reached XP level 1. HP: 10/10 MP: 3/3
   280 | D:1      | Reached XP level 2. HP: 16/16 MP: 5/5
   357 | D:1      | Reached skill level 1 in Fighting
   824 | D:2      | Reached skill level 4 in Earth Magic
   886 | D:2      | Reached XP level 3. HP: 20/20 MP: 6/6
   948 | D:2      | Found a snail-covered altar of Cheibriados.
  1152 | D:2      | Found a shattered altar of Ashenzari.
  1495 | D:2      | Reached XP level 4. HP: 25/27 MP: 7/7
  1983 | D:3      | Found a glowing golden altar of the Shining One.
  1984 | D:3      | Found an iron altar of Okawaru.
  2052 | D:2      | Became a worshipper of Cheibriados the Contemplative
  2154 | D:3      | Found an ancient bone altar of Kikubaaqudgha.
  2724 | D:4      | Reached XP level 5. HP: 32/32 MP: 9/9
  2755 | D:4      | Reached skill level 5 in Earth Magic
  2759 | D:4      | Found a runed translucent gate.
  2759 | D:4      | Found a runed translucent gate.
  2759 | D:4      | Found a runed translucent gate.
  2761 | D:4      | Noticed a big kobold
  2761 | D:4      | Identified the cursed +1 whip of Neurosis {drain, rF+ rC-
                  | Str+6 SInv}
  2762 | D:4      | Noticed mojowtm's ghost (amateur CeHu)
  2762 | D:4      | Noticed a big kobold
  2769 | D:4      | Learned a level 3 spell: Stone Arrow
  2831 | D:4      | Found a shimmering altar of Xom.
  2831 | D:4      | Found an ornate altar of the Wu Jian Council.
  2947 | D:4      | Reached skill level 1 in Conjurations
  2996 | D:4      | Identified the Grimoire of the Creative Blaze
  3074 | D:4      | Found an opulent altar of Gozag.
  3337 | D:5      | Entered Level 5 of the Dungeon
  3364 | D:5      | Gained mutation: Your magical capacity is low. (-10% MP)
                  | [potion of mutation]
  3364 | D:5      | Gained mutation: You are occasionally teleported next to
                  | monsters. [potion of mutation]
  3364 | D:5      | Gained mutation: You are clumsy. (Dex -2) [potion of
                  | mutation]
  3364 | D:5      | Lost mutation: You are clumsy. (Dex -2) [potion of
                  | mutation]
  3388 | D:5      | Noticed a two-headed ogre
  3389 | D:5      | Was placed under penance by Cheibriados
  3395 | D:5      | Killed a two-headed ogre
  3395 | D:5      | Reached skill level 7 in Earth Magic
  3395 | D:5      | Reached XP level 6. HP: 37/37 MP: 9/9
  3395 | D:5      | Reached XP level 7. HP: 41/41 MP: 10/10
  3395 | D:5      | Reached XP level 8. HP: 46/46 MP: 11/11
  3396 | D:5      | Noticed Dowan
  3396 | D:5      | Noticed Duvessa
  3417 | D:5      | Killed Duvessa
  3429 | D:5      | Killed Dowan
  3429 | D:5      | Was forgiven by Cheibriados
  3848 | D:5      | Noticed Prince Ribbit
  3864 | D:5      | Killed Prince Ribbit
  4153 | D:5      | Reached skill level 8 in Earth Magic
  4562 | D:6      | Found a shadowy altar of Dithmenos.
  4676 | D:6      | Reached * piety under Cheibriados
  4676 | D:6      | Reached XP level 9. HP: 48/52 MP: 0/13
  4747 | D:6      | Reached skill level 5 in Fighting
  4864 | D:6      | Reached skill level 5 in Spellcasting
  5027 | D:6      | Found a shadowy altar of Dithmenos.
  5551 | D:7      | Found a hide-covered altar of Uskayaw.
  5569 | D:7      | Noticed Joseph
  5579 | D:7      | Killed Joseph
  5782 | D:7      | Reached ** piety under Cheibriados
  5829 | D:7      | Got a brightly glowing shortbow
  5958 | D:7      | Identified the +6 shortbow of Kiebaps {venom, rN+ Str+4
                  | SInv} (You found it on level 7 of the Dungeon)
  5974 | D:7      | Noticed a two-headed ogre
  5991 | D:7      | Killed a two-headed ogre
  5991 | D:7      | Reached XP level 10. HP: 28/64 MP: 0/18
  6185 | D:7      | Learned a level 5 spell: Lee's Rapid Deconstruction
  6455 | D:7      | Found a staircase to the Ecumenical Temple.
  7097 | D:8      | Reached *** piety under Cheibriados
  7129 | D:8      | Reached skill level 9 in Earth Magic
  7414 | D:8      | Reached skill level 1 in Maces & Flails
  7726 | D:9      | Reached **** piety under Cheibriados
  7905 | D:9      | Found a bloodstained altar of Trog.
  7921 | D:9      | Reached skill level 10 in Earth Magic
  8002 | D:9      | Found a bloodstained altar of Trog.
  8057 | D:9      | Reached skill level 1 in Axes
  8073 | D:9      | Reached XP level 11. HP: 66/71 MP: 14/20
  8121 | D:9      | Found a burning altar of Makhleb.
  8142 | D:9      | Noticed a green death
  8143 | D:9      | Found a glowing silver altar of Zin.
  8143 | D:9      | Noticed an angel
  8516 | D:9      | Reached ***** piety under Cheibriados
  8608 | D:9      | Noticed a wizard
  8612 | D:9      | Killed a wizard
  8946 | D:10     | Entered Level 10 of the Dungeon
  9052 | D:10     | Found a portal to a secret trove of treasure.
  9143 | D:10     | Noticed Urug
  9157 | D:10     | HP: 3/71 [Urug/+2 vorpal great mace (3)]
  9158 | D:10     | Slain by Urug

Levels and vault maps discovered:
D:1:      ebering_trefoil_3fold, layout_rooms, st_stairs_6
D:2:      layout_basic, evilmike_ruin_ashenzari, cheibriados_altar_1
D:3:      layout_loops_ring, nicolae_overflow_crystal_walls,
          gammafunk_temple_overflow_statue, moated_statue
D:4:      layout_rooms, kennysheep_mini_moat,
          gammafunk_temple_overflow_elements, first_ration,
          gammafunk_ghost_nasty_kobolds, kennysheep_opposing_triangles
D:5:      layout_loops_ring, uniq_duvessa, uniq_prince_ribbit1
D:6:      layout_basic, nicolae_dithmenos_shadow_blocks, basic_altar,
          minmay_misc_feat_plants
D:7:      layout_gridville, eat_drink_and_be_merry_uskayaw, temple_statues,
          minmay_shattered_shrine, uniq_joseph
D:8:      layout_rooms, eino_jars
D:9:      layout_loops_ring, grunt_temple_overflow_order_and_chaos_2,
          kennysheep_little_box, hangedman_little_slice_of_home, trog_wizard
D:10:     layout_roguey, trove_entry_hex_spiral,
          minmay_fractal_squares_diagonal_5, uniq_urug, uniq_josephine

Skill      XL: |  1  2  3  4  5  6  7  8  9 10 11 |
---------------+----------------------------------+-----
Fighting       | 1 2 3 4 8 9 |  9.5
Earth Magic    | 4 7 8 10 | 10.5
Spellcasting   | 3 4 7 8 |  8.2
Conjurations   | 6 7 |  7.5
Maces & Flails | 2 |  2.0
Axes           | 1 3 |  3.1
Dodging        | |  1.5
Stealth        | |  2.1
Transmutations | |  0.7

Action                   |  1- 3 |  4- 6 |  7- 9 | 10-12 || total
-------------------------+-------+-------+-------+-------++-------
Melee: Mace              |    67 |   112 |   222 |   173 ||   574
       Executioner's axe |       |       |       |    98 ||    98
 Cast: Sandblast         |    11 |    10 |     9 |     2 ||    32
       Stone Arrow       |       |       |    39 |    41 ||    80
       Lee's Rapid Decon |       |       |       |     7 ||     7
Invok: Temporal Distorti |       |       |       |     1 ||     1
  Use: Scroll            |     3 |     2 |     8 |     9 ||    22
       Potion            |       |     5 |     6 |     2 ||    13
 Stab: Sleeping          |     2 |     1 |       |       ||     3
  Eat: Chunk             |     2 |     2 |     2 |     4 ||    10
       Ration            |       |     2 |     2 |     1 ||     5
Armor: Robe              |     2 |       |       |       ||     2
       Leather armour    |    14 |       |       |       ||    14
       Ring mail         |    13 |    66 |   105 |       ||   184
       Scale mail        |       |       |    15 |   169 ||   184
Dodge: Dodged            |    34 |    73 |   238 |   329 ||   674
Block: Other             |    14 |    25 |    55 |    75 ||   169
       Reflection        |       |       |     2 |     5 ||     7

Table legend:
 A = Non-vault XP
 B = Vault XP
 C = Vault XP percentage of total XP
 D = Non-vault monster count
 E = Vault monster count
 F = Vault count percentage of total count
                 A         B        C        D         E       F
            +---------+---------+-------+---------+---------+-------
      Total |    7844 |    3244 |  29.3 |     164 |      35 |  17.6
            +---------+---------+-------+---------+---------+-------
        D:1 |      17 |       3 |  15.0 |      12 |       1 |   7.7
        D:2 |      70 |       0 |   0.0 |      22 |       0 |   0.0
        D:3 |      71 |       0 |   0.0 |      15 |       0 |   0.0
        D:4 |     100 |      40 |  28.6 |       8 |       1 |  11.1
        D:5 |    1205 |     487 |  28.8 |       7 |       3 |  30.0
        D:6 |    1025 |       0 |   0.0 |      21 |       0 |   0.0
        D:7 |    1238 |    2127 |  63.2 |      16 |      15 |  48.4
        D:8 |    1218 |     432 |  26.2 |      25 |       7 |  21.9
        D:9 |    1999 |     155 |   7.2 |      30 |       8 |  21.1
       D:10 |     901 |       0 |   0.0 |       8 |       0 |   0.0
            +---------+---------+-------+---------+---------+-------
